 Dungeon Crawl Stone Soup version 0.28.0-53-g5a82cb258f (webtiles) character file.

Game seed: 17389387614543440002

43 DocClef the Magician (level 3, -10/25 HPs)
             Began as a Djinni Ice Elementalist on July 11, 2022.
             Mangled by an iguana (11 damage)
             ... on level 2 of the Dungeon.
             The game lasted 00:03:16 (2983 turns).

DocClef the Magician (Djinni Ice Elementalist)      Turns: 2983, Time: 00:03:16

Health: -10/25     AC:  8    Str:  7    XL:     3   Next: 82%
Gold:   93         EV: 12    Int: 18    God:
                   SH:  0    Dex: 13

rFire   + + .      SeeInvis .   d - +0 dagger
rCold   x . .      Faith    .   (no shield)
rNeg    . . .      Spirit   .   a - +0 robe
rPois   ∞          Reflect  .   (no helmet)
rElec   .          Harm     .   (no cloak)
rCorr   .          Rampage  .   (no gloves)
Will    .....                   (boots unavailable)
Stlth   ++........              (no amulet)
HPRegen 0.08/turn               (no ring)
MPRegen 0.00/turn               (no ring)

@: ice-armoured, flying
A: sickness immunity, fire resistance 2, cold vulnerability 1, float, innate
caster, HP casting, extra vitality 1
a: no special abilities


You were on level 2 of the Dungeon.
You visited 1 branch of the dungeon, and saw 3 of its levels.

You collected 93 gold pieces.

Inventory:

Hand Weapons
 d - a +0 dagger (weapon)
Armour
 a - a +0 robe (worn)
Jewellery
 f - a +6 ring of intelligence
 i - a ring of wizardry
Scrolls
 c - 2 scrolls of identify {unknown}
 e - a scroll of enchant weapon {unknown}
 g - a scroll of magic mapping {unknown}
 h - a scroll of teleportation {unknown}
 j - a scroll of fear {unknown}
Potions
 b - a potion of resistance {unknown}


   Skills:
 - Level 2.2 Dodging
 - Level 1.7 Stealth
 + Level 4.1 Spellcasting


You couldn't memorise any spells.
You knew the following spells:

 Your Spells              Type           Power      Damage    Failure   Level
a - Freeze                Ice            72%        1d9       2%          1
b - Frozen Ramparts       Ice            36%        1d5       8%          3
c - Ozocubu's Armour      Ice            18%        N/A       8%          3
d - Hailstorm             Conj/Ice       18%        3d6       26%         4
e - Pain                  Necr           72%        1d7       2%          1
Your spell library was empty.

Dungeon Overview and Level Annotations

Branches:
Dungeon (3/15)

Altars:

Shops:
D:1 !   D:2 (


Innate Abilities, Weirdness & Mutations

You are immune to sickness and miasma.
You are immune to poison.
Your flesh is very heat resistant. (rF++)
You are vulnerable to cold. (rC-)
You float through the air rather than walking.
You learn spells naturally, not from books.
Your magical power is your life essence.
You have superior vitality. (+4 MHP)


Message History

Press: ? - help, Shift-Dir - straight line, f - orc
Aim: an orc, wielding a +0 club You freeze the orc.
The orc is severely wounded.
* * * LOW HITPOINT WARNING * * *
The orc barely misses you.
Casting: Freeze (safe; 2% risk of failure)
Confirm with . or Enter, or press ? or * to list all spells.
Aiming: Freeze (safe; 2% risk of failure)
Press: ? - help, Shift-Dir - straight line, f/p - orc
Aim: an orc, wielding a +0 club (severely wounded)
You freeze the orc.
You kill the orc!
* * * LOW HITPOINT WARNING * * *
Casting: Freeze (safe; 2% risk of failure)
Confirm with . or Enter, or press ? or * to list all spells.
Aiming: Freeze (safe; 2% risk of failure)
Press: ? - help, Shift-Dir - straight line, f - iguana
Aim: an iguana You freeze the iguana.
The iguana is moderately wounded.
* * * LOW HITPOINT WARNING * * *
The iguana misses you.
Casting: Freeze (safe; 2% risk of failure)
Confirm with . or Enter, or press ? or * to list all spells.
Aiming: Freeze (safe; 2% risk of failure)
Press: ? - help, Shift-Dir - straight line, f/p - iguana
Aim: an iguana (moderately wounded)
You freeze the iguana!
The iguana is almost dead.
* * * LOW HITPOINT WARNING * * *
The iguana bites you but does no damage.
Casting: Freeze (safe; 2% risk of failure)
Confirm with . or Enter, or press ? or * to list all spells.
You don't have enough health to cast this spell.
Unknown command.
You closely miss the iguana.
The iguana is almost dead.
The iguana bites you!
You die...

#.#.# #....#....###.
#.#.#####.##.#.##.# #.
#...##....##.#.##.###.
#......#####.#.##..... ##.....#
#.#.####### #>....#####.#.#######
###..###....#....##.. ###### ##l#
#.#######.##.. .....#
#@###.#######.##.. .#.#.#
#.##..##...##..##. .....#
#..........###.##. .#.#.#
##.##.#.#......##. .....#
#########.##......######. .#.#.#
#.........#..#.#.## ## .....#
#.........#......########
.#.#.####........................
.................>###.###########


You could see an iguana.

Vanquished Creatures
  A dart slug (D:1)
  3 orcs (D:2)
  4 endoplasms
  3 giant cockroaches
  6 goblins
  3 hobgoblins
  A quokka (D:2)
  6 ball pythons (D:1)
  A bat (D:1)
  5 kobolds
  A rat (D:1)
34 creatures vanquished.

Notes
Turn   | Place    | Note
-------+----------+-------------------------------------------
     0 | D:1      | DocClef the Djinni Ice Elementalist began the quest for the
                  | Orb.
     0 | D:1      | Reached XP level 1. HP: 15/15 MP: 0/0
   243 | D:1      | Reached XP level 2. HP: 19/21 MP: 0/0
   601 | D:1      | Found Qida's Distillery.
   910 | D:1      | Reached XP level 3. HP: 20/25 MP: 0/0
   910 | D:1      | Learned a level 1 spell: Pain
  1509 | D:1      | Found a faded altar of an unknown god.
  1842 | D:2      | Reached skill level 4 in Spellcasting
  2277 | D:2      | Found Soyxuj's Weapon Shoppe.
  2983 | D:2      | Mangled by an iguana

Illustrated notes

Levels and vault maps discovered:
D:1:      lightli_arrival_quake, layout_loops_cross,
          chequers_ecumenical_altar_twisty, serial_shops, nicolae_shop_trees
D:2:      layout_rooms, serial_co_window_serial, co_window_of_opportunity_a,
          co_window_corner_a, co_window_paths_a, co_window_paths_a,
          co_window_paths_b, co_window_corner_a, co_window_of_opportunity_a,
          co_window_paths_c, co_window_of_opportunity_b, co_window_2corner,
          co_window_2corner, co_window_cross_3, co_window_of_opportunity_c,
          co_window_4corner_a, glass_columns_a, glass_columns_c,
          glass_columns_a, serial_shops, nicolae_shop_bloodbath_and_beyond,
          hex_tiny
D:3:      layout_rooms

Skill      XL: |  1  2  3 |
---------------+----------+-----
Spellcasting   | 4 |  4.1
Dodging        | |  2.2
Stealth        | |  1.7

Action                   || total
-------------------------++-------
Melee: Unarmed           ||     9
       Dagger            ||    16
 Cast: Freeze            ||    52
       Ozocubu's Armour  ||     1
Armor: Robe              ||    11
Dodge: Dodged            ||    48
